 Dungeon Crawl Stone Soup version 0.23.2-1-ga50397a6bc (webtiles) character file.

Game seed: 5973349682260841305

2853 PentaManta the Cleaver (level 10, -3/70 HPs)
             Began as a Formicid Fighter on June 2, 2019.
             Killed from afar by a wight (8 damage)
             ... with a wand of flame (11)
             ... on level 8 of the Dungeon.
             The game lasted 00:15:34 (8181 turns).

PentaManta the Cleaver (Formicid Fighter)           Turns: 8181, Time: 00:15:35

Health: -3/70      AC: 11    Str: 28    XL:     10   Next: 4%
Magic:  10/10      EV: 10    Int:  9    God:
Gold:   285        SH:  0    Dex: 10    Spells: 9/9 levels left

rFire    . . .     SeeInvis +   a - +0 war axe
rCold    . . .     Gourm    .   (no shield)
rNeg     . . .     Faith    .   b - +0 scale mail
rPois    +         Spirit   .   (helmet unavailable)
rElec    .         Reflect  .   u - +2 cloak {rPois}
rCorr    .         Harm     .   o - +0 pair of gloves
MR       +....                  C - +0 pair of boots
Stlth    ..........             (no amulet)
HPRegen  0.21/turn              (no ring)
MPRegen  0.12/turn              (no ring)

@: mighty, heavily drained
A: permanent stasis, dig shafts and tunnels, four strong arms, antennae 3
a: Dig, Shaft Self


You were on level 8 of the Dungeon.
You were hungry.

You visited 1 branch of the dungeon, and saw 8 of its levels.
You also visited: Sewer.

You collected 285 gold pieces.

Inventory:

Hand Weapons
 a - a +0 war axe (weapon)
Missiles
 E - 8 tomahawks (quivered)
Armour
 b - a +0 scale mail (worn)
 c - a +0 shield
 o - a +0 pair of gloves (worn)
 u - a +2 cloak of poison resistance (worn)
 C - a +0 pair of boots (worn)
 F - a cursed +0 plate armour
Jewellery
 l - a cursed ring of teleportation {unknown}
 t - an uncursed amulet of harm {unknown}
Wands
 m - a wand of polymorph (7)
 z - a wand of flame (53)
 H - a wand of enslavement (6)
Scrolls
 e - 2 scrolls of immolation
 g - 7 scrolls of identify {unknown}
 i - 2 scrolls of amnesia {unknown}
 j - a scroll of fog {unknown}
 k - 3 scrolls of magic mapping {unknown}
 n - a scroll of fear {unknown}
 p - a scroll of brand weapon {unknown}
 r - 8 scrolls of remove curse {unknown}
 v - 2 scrolls of enchant weapon {unknown}
 x - 4 scrolls of teleportation {unknown}
 y - a scroll of noise {unknown}
Potions
 d - 2 potions of heal wounds {unknown}
 h - 3 potions of ambrosia {unknown}
 q - a potion of berserk rage {unknown}
 s - a potion of brilliance {unknown}
 w - a potion of flight {unknown}
 B - 2 potions of magic {unknown}
 D - a potion of resistance
 G - a potion of agility {unknown}
Comestibles
 f - 14 rations


   Skills:
 - Level 3.2(1.4) Fighting
 + Level 11.6(9.3) Axes
 - Level 3.2(1.4) Armour
 * Level 8.0(5.9) Shields


You had 9 spell levels left.
You didn't know any spells.
Your spell library contained the following spells:

 Spells                   Type           Power        Failure   Level  Hunger
 Corona                   Hex            #......      65%         1    ##.....
 Shock                    Conj/Air       #...         65%         1    ##.....
 Ensorcelled Hibernation  Hex/Ice        #.....       80%         2    ###....
 Swiftness                Chrm/Air       #.......     80%         2    ###....
 Confuse                  Hex            #.......     95%         3    ####...
 Dazzling Spray           Conj/Hex       #.....       95%         3    ####...
 Static Discharge         Conj/Air       #.......     95%         3    ####...
 Tukima's Dance           Hex            #.......     95%         3    ####...
 Airstrike                Air            #.........   100%        4    #####..
 Lightning Bolt           Conj/Air       #.........   100%        5    ######.


Dungeon Overview and Level Annotations

Branches:
Dungeon (8/15)
 Temple: D:4-7         Lair: D:8-11

Altars:
Ashenzari
Cheibriados
Gozag
Hepliaklqana
Nemelex Xobeh
Ru
Trog
Vehumet
Xom

Shops:
D:4 %

Annotations:
D:7 3 runed translucent doors, kumiokru's ghost, novice TrMo


Innate Abilities, Weirdness & Mutations

You cannot be hasted, slowed, berserked, paralysed or teleported.
You can dig through walls and to a lower floor.
Your four strong arms can wield two-handed weapons with a shield.
You have a pair of large antennae on your head. (SInv)


Message History

You climb downwards.
There is a stone staircase leading up, spattered with blood here.
Press: ? - help, v - describe, . - travel, g - get item
Here: a wight, wielding a +0 falchion, wearing a +0 robe and carrying a wand of flame (11)
A +0 short sword.
There is something else lying underneath.
The floor, spattered with blood.
Unknown command.
You feel very mighty all of a sudden.
The wight hits you with a cursed +0 halberd!
* * * LOW HITPOINT WARNING * * *
You feel drained.
* * * LOW HITPOINT WARNING * * *
The wight hits you with a +0 falchion.
* * * LOW HITPOINT WARNING * * *
You feel drained. The wight misses you.
You see here a hound skeleton.
The wight zaps a wand.
The puff of flame hits you!
You die...

.....#.......).#
............)...##
...........))[...#
...........)<....#
...........รท.[...#
................##
#.......zz.....##
#.............##
#......@....#.#
#.####....###.#
#.##..!..# #.
####### #. #. #. #.


You could see 2 wights.

Vanquished Creatures
  A spriggan (D:7)
  Duvessa (D:7)
  A hornet zombie (D:5)
  A sky beast (D:4)
  2 orc warriors (D:6)
  An ice beast (D:5)
  2 ogres
  2 centaurs
  3 big kobolds (Sewer)
  Dowan (D:7)
  2 scorpions
  2 wights
  3 crimson imps
  A bullfrog zombie (D:5)
  3 orc priests
  Crazy Yiuf (D:7)
  3 centaur skeletons
  A hound (D:8)
  3 jellies
  A bullfrog skeleton (D:8)
  An iguana (D:6)
  9 orc wizards
  Natasha (thrice) (D:2)
  6 worker ants
  2 hound skeletons
  19 adders
  3 oozes (Sewer)
  An adder zombie (D:5)
  10 worms
  4 dart slugs
  4 leopard geckos
  23 orcs
  7 ball pythons
  6 bats
  8 giant cockroaches
  10 goblins
  9 hobgoblins
  8 jackals
  11 kobolds
  3 quokkas
  4 frilled lizards
  A jackal zombie (D:7)
  A quokka skeleton (D:6)
  8 rats
  A bush (D:3)
197 creatures vanquished.

Notes
Turn   | Place    | Note
-------+----------+-------------------------------------------
     0 | D:1      | PentaManta the Formicid Fighter began the quest for the
                  | Orb.
     0 | D:1      | Reached XP level 1. HP: 18/18 MP: 1/1
    49 | D:1      | Noticed an electric eel
   165 | D:1      | Reached XP level 2. HP: 24/24 MP: 2/2
   436 | D:1      | Reached skill level 3 in Axes
   484 | D:2      | Reached XP level 3. HP: 20/29 MP: 3/3
   694 | D:2      | Reached skill level 4 in Axes
   694 | D:2      | Reached XP level 4. HP: 25/35 MP: 4/4
   700 | D:2      | Noticed Natasha
   710 | D:2      | Killed Natasha
  1084 | D:2      | Noticed Natasha
  1089 | D:2      | Killed Natasha
  1089 | D:2      | Reached XP level 5. HP: 41/41 MP: 5/5
  1098 | D:2      | Found a sacrificial altar of Ru.
  1193 | D:2      | Reached skill level 5 in Axes
  1266 | D:2      | Noticed Natasha
  1285 | D:2      | Killed Natasha
  2032 | D:3      | Reached XP level 6. HP: 29/47 MP: 6/6
  2043 | D:3      | Reached skill level 6 in Axes
  2903 | D:4      | Noticed an ogre
  2912 | D:4      | Found a glowing drain.
  2938 | Sewer    | Entered a sewer
  3128 | Sewer    | Reached skill level 7 in Axes
  3128 | Sewer    | Reached XP level 7. HP: 37/52 MP: 7/7
  3516 | D:4      | Reached skill level 8 in Axes
  3724 | D:4      | Reached XP level 8. HP: 8/58 MP: 8/8
  4213 | D:4      | Found Kuzy's Food Emporium.
  4288 | D:4      | Reached skill level 9 in Axes
  4560 | D:4      | Found a bloodstained altar of Trog.
  4560 | D:4      | Found a hazy altar of Hepliaklqana.
  4561 | D:4      | Found a sparkling altar of Nemelex Xobeh.
  4593 | D:5      | Entered Level 5 of the Dungeon
  5173 | D:5      | Reached skill level 10 in Axes
  5434 | D:5      | Found a shimmering altar of Xom.
  5649 | D:5      | Reached XP level 9. HP: 55/64 MP: 9/9
  5777 | D:5      | Reached skill level 11 in Axes
  6199 | D:6      | Reached skill level 5 in Shields
  6281 | D:6      | HP: 3/64 [acid (10)]
  7001 | D:6      | Found a sparkling altar of Nemelex Xobeh.
  7381 | D:7      | Found a runed translucent door.
  7382 | D:7      | Noticed Crazy Yiuf
  7387 | D:7      | Killed Crazy Yiuf
  7436 | D:7      | Noticed Dowan
  7436 | D:7      | Noticed Duvessa
  7446 | D:7      | Killed Duvessa
  7481 | D:7      | Killed Dowan
  7683 | D:7      | Found an opulent altar of Gozag.
  7685 | D:7      | Found a radiant altar of Vehumet.
  7685 | D:7      | Found a shattered altar of Ashenzari.
  7721 | D:7      | Found a snail-covered altar of Cheibriados.
  7758 | D:7      | Found a runed translucent gate.
  7758 | D:7      | Found a runed translucent gate.
  7762 | D:7      | Found a runed translucent gate.
  7763 | D:7      | Noticed kumiokru's ghost (novice TrMo)
  7938 | D:8      | Reached XP level 10. HP: 29/70 MP: 10/10
  8181 | D:8      | Killed from afar by a wight

Skill      XL: |  1  2  3  4  5  6  7  8  9 10 |
---------------+-------------------------------+-----
Axes           | 3 4 5 7 8 10 11 | 11.6
Shields        | 7 8 |  8.0
Fighting       | |  3.2
Armour         | |  3.2

Action                   |  1- 3 |  4- 6 |  7- 9 | 10-12 || total
-------------------------+-------+-------+-------+-------++-------
Melee: Hand axe          |    73 |   149 |       |       ||   222
       War axe           |     2 |   135 |   487 |    16 ||   640
Throw: Throwing net      |       |       |     1 |       ||     1
  Use: Potion            |       |     1 |     3 |     1 ||     5
       Scroll            |       |     1 |       |       ||     1
  Eat: Chunk             |       |     5 |    15 |     1 ||    21
       Ration            |       |     1 |       |       ||     1
Armor: Scale mail        |    30 |   120 |   215 |     8 ||   373
Dodge: Dodged            |    37 |    94 |   209 |    17 ||   357
